[Event "DSOL 2022"]
[Site "Germany"]
[Date "2022.02.03"]
[Round "1.2"]
[White "Meyer, Marco"]
[Black "Hoke, Joshua"]
[Result "1-0"]
[ECO "A03"]
[WhiteElo "1862"]
[BlackElo "1545"]
[Annotator "NA RC"]
[PlyCount "81"]
[EventDate "2022.01.31"]
[EventType "team-tourn"]
[EventCountry "GER"]
[SourceTitle "playchess.com"]
[Source "ChessBase"]
[SourceQuality "1"]
[WhiteTeam "Aachener SV"]
[BlackTeam "ESV Rot-Weiß Göttingen I"]
[TimeControl "2700+15"]

1. f4 d5 2. Nf3 Nf6 3. e3 Bg4 4. b3 Nbd7 5. Bb2 c6 6. Be2 Qc7 7. O-O Bxf3 8. Bxf3 e5 9. fxe5 Nxe5 10. d3 Bd6 11. Nd2 O-O-O (11... O-O $5 12. Kh1 Rae8 $15) 12. h3 Rdg8 13. e4 g5 ({But not} 13... Nxf3+ 14. Qxf3 Kb8 15. Rad1 $14) (13... dxe4 $11 14. Nxe4 Nxf3+ 15. Qxf3 Nxe4 16. Qxe4 f6) 14. d4 (14. Bh5 $14 Nxh5 15. Qxh5) 14... Nxf3+ 15. Qxf3 Bf4 16. e5 Bxd2 (16... Rg6 $14) 17. Qxf6 Bf4 18. Bc1 Qd7 19. Bxf4 gxf4 20. Rf3 ({Not} 20. Qxf4 Qxh3 21. Qf5+ Qxf5 22. Rxf5 Rg4 $14) 20... Qe6 21. Qxe6+ (21. Qxf4 $18 Rg7 22. Raf1) 21... fxe6 22. Rxf4 Rg7 23. Raf1 $18 Rhg8 24. Rf8+ Rxf8 25. Rxf8+ Kc7 26. Kf2 Kb6 27. Rf6 Re7 28. g4 c5 29. c3 cxd4 30. cxd4 a5 31. g5 a4 32. bxa4 Ka5 33. Kg3 Kb4 34. h4 Kc4 35. Rf4 Rg7 36. Kg4 h6 37. Kh5 hxg5 38. hxg5 Rh7+ 39. Kg6 Rh1 40. Kf7 Rg1 41. g6 1-0

[Event "DSOL 2022"]
[Site "Germany"]
[Date "2022.02.03"]
[Round "1.3"]
[White "Alexopoulos, Spiros Orestis"]
[Black "Niggl, Michael"]
[Result "0-1"]
[ECO "B44"]
[WhiteElo "1874"]
[BlackElo "1686"]
[Annotator "NA RC"]
[PlyCount "88"]
[EventDate "2022.01.31"]
[EventType "team-tourn"]
[EventCountry "GER"]
[SourceTitle "playchess.com"]
[Source "ChessBase"]
[SourceQuality "1"]
[WhiteTeam "Aachener SV"]
[BlackTeam "ESV Rot-Weiß Göttingen I"]
[TimeControl "2700+15"]

1. e4 c5 2. Nf3 e6 3. d4 cxd4 4. Nxd4 Nc6 5. c4 Nf6 6. Nc3 Bb4 7. Qd3 Ne5 8. Qg3 d6 $1 9. f4 Nc6 10. Nxc6 (10. Qxg7 Rg8 11. Nxc6 bxc6 $15 12. Qh6 Rg6 $15) 10... bxc6 11. Bd3 d5 (11... e5 $11) 12. O-O ({Don't blunder} 12. Qxg7 $2 Rg8 13. Qh6 d4 $19) (12. e5 $14 Nh5 13. Qf3) 12... O-O 13. e5 Bxc3 14. bxc3 Nh5 (14... Ne4 $11 15. Qf3 Qa5) 15. Qh3 g6 16. g4 (16. Ba3 $142) 16... Ng7 17. Qh6 ({White should play} 17. Ba3 $16) 17... f5 18. exf6 Qxf6 19. Be3 Qxc3 20. Rad1 dxc4 21. Bc5 cxd3 22. Bxf8 Kxf8 23. Qxh7 Qd4+ 24. Kh1 Bb7 25. h3 c5+ 26. Kh2 Qe4 (26... Qb2+ 27. Kg3 Be4) 27. Rf2 c4 28. Qh4 Kf7 29. Qg3 Ne8 30. f5 $19 exf5 31. gxf5 gxf5 32. Rg1 Nf6 33. Qc7+ Ke6 34. Qf4 Qxf4+ 35. Rxf4 Be4 36. Rc1 Kd5 37. Kg1 Rg8+ 38. Kf1 Nh5 39. Rh4 Ng3+ 40. Kf2 Ne2 41. Rd1 Rg2+ 42. Ke3 f4+ 43. Kd2 c3+ 44. Ke1 Rg1+ 0-1

[Event "DSOL 2022"]
[Site "Germany"]
[Date "2022.02.18"]
[Round "2.1"]
[White "Muschik, Benedikt"]
[Black "Kollars, Dmitrij"]
[Result "0-1"]
[ECO "D00"]
[WhiteElo "2330"]
[BlackElo "1956"]
[Annotator "ChessBase"]
[PlyCount "76"]
[EventDate "2022.01.31"]
[EventType "team-tourn"]
[EventCountry "GER"]
[SourceTitle "playchess.com"]
[Source "ChessBase"]
[SourceQuality "1"]
[WhiteTeam "SK Münster"]
[BlackTeam "SF Deizisau I"]
[WhiteTeamCountry "GER"]
[TimeControl "2700+15"]

1. d4 Nf6 2. Bf4 d5 3. e3 c5 4. c3 Nc6 5. Nd2 Bf5 6. Ngf3 e6 7. Qb3 Qc8 8. Nh4 Bg4 9. h3 Bh5 10. g4 Bg6 11. Nxg6 hxg6 12. Be2 c4 13. Qc2 b5 14. e4 dxe4 15. Nxe4 Nd5 16. Nd6+ Bxd6 17. Bxd6 Qd7 18. Bg3 Rc8 19. Bf3 Nce7 20. a3 a5 21. Kf1 f6 22. Kg2 g5 23. Rae1 Kf7 24. Re2 Ng6 25. Bxd5 Qxd5+ 26. Qe4 Qxe4+ 27. Rxe4 f5 28. Re2 f4 29. Bh2 Nh4+ 30. Kf1 b4 31. axb4 axb4 32. f3 Nxf3 33. Kg2 Nh4+ 34. Kf2 Ng6 35. Bg1 bxc3 36. bxc3 Ra8 37. Kf3 Ra1 38. Kf2 Rb8 0-1

[Event "DSOL 2022"]
[Site "Germany"]
[Date "2022.02.18"]
[Round "2.1"]
[White "Schoene, Maria"]
[Black "Balov, Darko"]
[Result "0-1"]
[ECO "B14"]
[WhiteElo "2210"]
[BlackElo "2063"]
[Annotator "ChessBase"]
[PlyCount "50"]
[EventDate "2022.01.31"]
[EventType "team-tourn"]
[EventCountry "GER"]
[SourceTitle "playchess.com"]
[Source "ChessBase"]
[SourceQuality "1"]
[WhiteTeam "Germany"]
[BlackTeam "SK Zehlendorf II"]
[WhiteTeamCountry "GER"]
[BlackTeamCountry "MKD"]
[TimeControl "2700+15"]

1. e4 c6 2. d4 d5 3. exd5 cxd5 4. c4 Nf6 5. Nc3 e6 6. Nf3 Be7 7. Bg5 Nc6 8. c5 O-O 9. Bb5 Ne4 10. Bxe7 Nxe7 11. Rc1 Qa5 12. Qe2 Nxc3 13. Rxc3 Qxa2 14. O-O Qa5 15. Bd3 h6 16. Bb1 f5 17. Ne5 Nc6 18. Rd1 Nxe5 19. dxe5 Qb4 20. h3 Bd7 21. g4 fxg4 22. Rg3 Rf4 23. Qd3 Re4 24. hxg4 Bb5 25. Qf3 Be2 0-1

[Event "DSOL 2022"]
[Site "Germany"]
[Date "2022.02.18"]
[Round "2.1"]
[White "Edling, Joern"]
[Black "Schaefer, Konstantin"]
[Result "0-1"]
[ECO "B23"]
[WhiteElo "2046"]
[BlackElo "1834"]
[Annotator "ChessBase"]
[PlyCount "72"]
[EventDate "2022.01.31"]
[EventType "team-tourn"]
[EventCountry "GER"]
[SourceTitle "playchess.com"]
[Source "ChessBase"]
[SourceQuality "1"]
[WhiteTeam "SK Rinteln I"]
[BlackTeam "SG Leipzig"]
[WhiteTeamCountry "GER"]
[BlackTeamCountry "GER"]
[TimeControl "2700+15"]

1. e4 c5 2. Nc3 Nc6 3. Bb5 Nd4 4. Nf3 Nxb5 5. Nxb5 g6 6. O-O Bg7 7. e5 Nh6 8. d4 b6 9. Re1 Bb7 10. Bg5 O-O 11. dxc5 bxc5 12. Nd6 Bxf3 13. Qxf3 f6 14. Qb3+ Nf7 15. exf6 Bxf6 16. Bxf6 exf6 17. Qd5 Rb8 18. b3 Rb6 19. Nc4 Rc6 20. Rad1 Re6 21. Qxc5 Rfe8 22. Rxe6 Rxe6 23. Qxa7 Ne5 24. Nxe5 Rxe5 25. Qd4 Qa5 26. b4 Qxa2 27. Qxd7 Qxc2 28. Qd8+ Kg7 29. Rd7+ Kh6 30. Qf8+ Kg5 31. h4+ Kf5 32. Rd6 Qc1+ 33. Kh2 Qf4+ 34. Kh3 Qg4+ 35. Kh2 Qxh4+ 36. Kg1 Re1# 0-1

[Event "DSOL 2022"]
[Site "Germany"]
[Date "2022.02.18"]
[Round "2.1"]
[White "Simukov, Erik"]
[Black "Borchert, Chris"]
[Result "0-1"]
[ECO "B01"]
[WhiteElo "2000"]
[BlackElo "2143"]
[Annotator "ChessBase"]
[PlyCount "52"]
[EventDate "2022.01.31"]
[EventType "team-tourn"]
[EventCountry "GER"]
[SourceTitle "playchess.com"]
[Source "ChessBase"]
[SourceQuality "1"]
[WhiteTeam "SVG CAISSA Kassel I"]
[BlackTeam "ASV Grün-Weiß Wismar"]
[WhiteTeamCountry "GER"]
[BlackTeamCountry "GER"]
[TimeControl "2700+15"]

1. e4 d5 2. exd5 Qxd5 3. Nf3 Bg4 4. Be2 Nc6 5. d4 O-O-O 6. Be3 e5 7. Nc3 Qa5 8. Nxe5 Bxe2 9. Qxe2 Nxe5 10. dxe5 Qxe5 11. O-O Nf6 12. Qc4 Bd6 13. g3 Qh5 14. f3 a6 15. Rae1 Rhe8 16. b4 Kb8 17. Kg2 Qf5 18. Rf2 Be5 19. Ne4 Qc8 20. Ng5 Bd4 21. Rfe2 Bxe3 22. Rxe3 Rd2+ 23. Kg1 Rxe3 24. Rxe3 Rd1+ 25. Kg2 Rd2+ 26. Re2 b5 0-1

[Event "DSOL 2022"]
[Site "Germany"]
[Date "2022.02.18"]
[Round "2.1"]
[White "Philipp, Nils"]
[Black "Schaefer, Toni"]
[Result "0-1"]
[ECO "B06"]
[WhiteElo "1885"]
[BlackElo "1324"]
[Annotator "NA"]
[PlyCount "54"]
[EventDate "2022.01.31"]
[EventType "team-tourn"]
[EventCountry "GER"]
[SourceTitle "playchess.com"]
[Source "ChessBase"]
[SourceQuality "1"]
[WhiteTeam "Frankfurter TV"]
[BlackTeam "SK Dessau II"]
[WhiteTeamCountry "GER"]
[BlackTeamCountry "GER"]
[TimeControl "2700+15"]

1. e4 g6 2. Nc3 Bg7 3. Bc4 e6 4. d3 d6 5. f4 Nd7 6. Nf3 Ne7 7. O-O O-O 8. Bb3 c5 9. Qe1 a6 10. a4 b6 11. Qh4 Nc6 12. Qg3 Nd4 13. Nxd4 cxd4 14. Ne2 Nc5 15. f5 Nxb3 16. cxb3 exf5 17. exf5 Bxf5 18. Bg5 Qd7 19. h4 h6 20. Bf4 Rfe8 21. Rae1 Rac8 22. Bxd6 Re3 23. Qf4 Rce8 24. g4 Bxd3 25. Rc1 R8e4 26. Qxf7+ Qxf7 27. Rc8+ Qe8 0-1

[Event "DSOL 2022"]
[Site "Germany"]
[Date "2022.02.18"]
[Round "2.1"]
[White "Parsch, Christian"]
[Black "Spiel, Marianne"]
[Result "1/2-1/2"]
[ECO "E01"]
[WhiteElo "1880"]
[BlackElo "1919"]
[Annotator "ChessBase"]
[PlyCount "101"]
[EventDate "2022.01.31"]
[EventType "team-tourn"]
[EventCountry "GER"]
[SourceTitle "playchess.com"]
[Source "ChessBase"]
[SourceQuality "1"]
[WhiteTeam "SC Roter Turm Altstadt"]
[BlackTeam "Bayern Mnchen II Amazonen"]
[WhiteTeamCountry "GER"]
[BlackTeamCountry "GER"]
[TimeControl "2700+15"]

1. Nf3 d5 2. d4 Nf6 3. c4 e6 4. g3 c6 5. Qc2 Nbd7 6. Bg2 Bd6 7. O-O O-O 8. Nbd2 Re8 9. e4 dxe4 10. Nxe4 Nxe4 11. Qxe4 e5 12. Qc2 exd4 13. Nxd4 Nf6 14. Nf5 Bf8 15. Bf4 Bxf5 16. Qxf5 g6 17. Qc2 Bg7 18. Rad1 Qa5 19. a3 Re6 20. Bd2 Qh5 21. Rfe1 Rae8 22. Rxe6 Rxe6 23. h3 Qc5 24. Be3 Qa5 25. Qd3 a6 26. Qd8+ Qxd8 27. Rxd8+ Re8 28. Rxe8+ Nxe8 29. b3 f5 30. Kf1 Kf7 31. Ke2 Ke6 32. Kd3 Nc7 33. Bb6 Kd6 34. Bf3 Ne6 35. Be3 Bb2 36. a4 Be5 37. Bc1 Nc5+ 38. Kc2 Bd4 39. Be3 Bxe3 40. fxe3 Ke5 41. g4 Ne4 42. gxf5 gxf5 43. b4 b6 44. a5 bxa5 45. bxa5 h6 46. h4 c5 47. Kd3 Nf2+ 48. Ke2 Ne4 49. Kd3 Nf2+ 50. Ke2 Ne4 51. Kd3 1/2-1/2

[Event "DSOL 2022"]
[Site "Germany"]
[Date "2022.02.18"]
[Round "2.1"]
[White "Thalheim, Jona"]
[Black "Beyer, Matthias"]
[Result "1/2-1/2"]
[ECO "B00"]
[WhiteElo "1496"]
[BlackElo "1671"]
[Annotator "NA"]
[PlyCount "90"]
[EventDate "2022.01.31"]
[EventType "team-tourn"]
[EventCountry "GER"]
[SourceTitle "playchess.com"]
[Source "ChessBase"]
[SourceQuality "1"]
[WhiteTeam "SC Großröhrsdorf"]
[BlackTeam "SV TuR Dresden"]
[WhiteTeamCountry "GER"]
[TimeControl "2700+15"]

1. e4 g5 2. d4 Bg7 3. Bxg5 c5 4. Be3 Qb6 5. c3 Qxb2 6. Nd2 cxd4 7. Nc4 Qxa1 8. Qxa1 dxe3 9. Nxe3 Nc6 10. Bb5 Nf6 11. Bxc6 dxc6 12. f3 Be6 13. Ne2 Nd7 14. Qb1 Nc5 15. O-O O-O-O 16. Rd1 Rxd1+ 17. Qxd1 Rd8 18. Qc2 Bh6 19. Ng4 Rd2 20. Qb1 Bxg4 21. fxg4 Rxe2 22. g5 Bxg5 23. Qd1 Be3+ 24. Kh1 Rd2 25. Qg4+ Kc7 26. Qg3+ Kb6 27. Qf3 Bg5 28. g3 Bf6 29. e5 Bxe5 30. Qxf7 Bf6 31. Qxh7 Rd1+ 32. Kg2 Nd3 33. Qh6 Ne5 34. Qe3+ Kc7 35. h4 Rd3 36. Qxa7 Ng4 37. Qa5+ Kb8 38. Kh3 Nf2+ 39. Kg2 Ne4 40. g4 Rg3+ 41. Kf1 Rxg4 42. Qd8+ Ka7 43. Qa5+ Kb8 44. Qd8+ Ka7 45. Qa5+ Kb8 1/2-1/2

[Event "DSOL 2022"]
[Site "Germany"]
[Date "2022.02.18"]
[Round "2.2"]
[White "Heinig, Wolfram"]
[Black "Paul, Johannes"]
[Result "0-1"]
[ECO "E74"]
[WhiteElo "2248"]
[BlackElo "2294"]
[Annotator "ChessBase"]
[PlyCount "97"]
[EventDate "2022.01.31"]
[EventType "team-tourn"]
[EventCountry "GER"]
[SourceTitle "playchess.com"]
[Source "ChessBase"]
[SourceQuality "1"]
[WhiteTeam "SK Zehlendorf II"]
[BlackTeam "SG AE Magdeburg"]
[WhiteTeamCountry "GER"]
[BlackTeamCountry "GER"]
[TimeControl "2700+15"]

1. d4 Nf6 2. c4 g6 3. Nc3 Bg7 4. e4 d6 5. Be2 O-O 6. Bg5 c5 7. d5 a6 8. a4 e5 9. Qd2 Nbd7 10. h4 Qe8 11. g4 Kh8 12. h5 Ng8 13. f3 Bf6 14. Be3 Qd8 15. g5 Be7 16. hxg6 fxg6 17. Nh3 Rf7 18. Kf1 Nf8 19. Kg2 h5 20. gxh6 Nh7 21. a5 Ngf6 22. Na4 Bxh3+ 23. Rxh3 Nh5 24. Nb6 Rb8 25. Rah1 Bg5 26. Kf1 Bxe3 27. Qxe3 Qf6 28. Rg1 Rbf8 29. Ke1 Nf4 30. Rhg3 Qh4 31. Kd2 Qh2 32. b3 Nf6 33. Kd1 N6h5 34. Rg4 Nh3 35. R1g2 Qh1+ 36. Kc2 N5f4 37. R2g3 Nxe2 38. Qxe2 Rxf3 39. Rxf3 Rxf3 40. Rg2 Rf6 41. Rh2 Qg1 42. Rg2 Qa1 43. Qd2 Rf1 44. Na4 Nf4 45. Rf2 Qa2+ 46. Nb2 Qb1+ 47. Kc3 Rc1+ 48. Qc2 Rxc2+ 49. Rxc2 0-1

[Event "DSOL 2022"]
[Site "Germany"]
[Date "2022.02.18"]
[Round "2.2"]
[White "Littke, Helmut"]
[Black "Schnegelsberg, Karl-Heinz"]
[Result "1-0"]
[ECO "D70"]
[WhiteElo "2054"]
[BlackElo "1961"]
[Annotator "ChessBase"]
[PlyCount "49"]
[EventDate "2022.01.31"]
[EventType "team-tourn"]
[EventCountry "GER"]
[SourceTitle "playchess.com"]
[Source "ChessBase"]
[SourceQuality "1"]
[WhiteTeam "ASV Grün-Weiß Wismar"]
[BlackTeam "SVG CAISSA Kassel I"]
[WhiteTeamCountry "GER"]
[BlackTeamCountry "GER"]
[TimeControl "2700+15"]

1. Nf3 d5 2. c4 Nf6 3. cxd5 Nxd5 4. e4 Nb6 5. d4 g6 6. a4 a5 7. Be2 Bg7 8. O-O O-O 9. Nc3 Nc6 10. Nb5 Bg4 11. Bf4 Bxf3 12. Bxf3 Rc8 13. Rc1 e6 14. Bxc7 Rxc7 15. Nxc7 Qxc7 16. d5 Rd8 17. Qb3 exd5 18. exd5 Nd4 19. Rxc7 Nxb3 20. Rxb7 Rd6 21. Rb8+ Bf8 22. Re1 Nd4 23. Ree8 Nd7 24. Rbd8 Nxf3+ 25. gxf3 1-0

[Event "DSOL 2022"]
[Site "Germany"]
[Date "2022.02.18"]
[Round "2.2"]
[White "Schaefer, Sven"]
[Black "Foerster-Yialamas, Lucas"]
[Result "0-1"]
[ECO "C42"]
[WhiteElo "1987"]
[BlackElo "2048"]
[Annotator "ChessBase"]
[PlyCount "112"]
[EventDate "2022.01.31"]
[EventType "team-tourn"]
[EventCountry "GER"]
[SourceTitle "playchess.com"]
[Source "ChessBase"]
[SourceQuality "1"]
[WhiteTeam "Germany"]
[BlackTeam "Frankfurter TV"]
[WhiteTeamCountry "GER"]
[BlackTeamCountry "GER"]
[TimeControl "2700+15"]

1. e4 e5 2. Nf3 Nf6 3. Nc3 Bb4 4. Nxe5 O-O 5. Nd3 Bxc3 6. dxc3 Nxe4 7. Be2 d6 8. O-O Nc6 9. f3 Ng5 10. Be3 Bf5 11. Qd2 f6 12. Nf4 Ne5 13. Nd5 c6 14. Nf4 b5 15. b3 d5 16. a4 a6 17. Ra2 Re8 18. Rfa1 Rb8 19. axb5 axb5 20. Ra7 Ngf7 21. Bd4 Nd6 22. Nh5 Rb7 23. Ng3 Rxa7 24. Rxa7 Bg6 25. f4 Nd7 26. Bg4 Re7 27. Rxd7 Rxd7 28. Be6+ Kh8 29. Bxd7 Qxd7 30. Bc5 Nb7 31. Bf2 h6 32. c4 bxc4 33. bxc4 Bf7 34. cxd5 cxd5 35. c4 Nd6 36. cxd5 Qb5 37. h3 Bxd5 38. Kh2 Qc4 39. Qd4 Qc6 40. Qc5 Bxg2 41. Qxc6 Bxc6 42. Bb6 g6 43. Bd4 Kg7 44. h4 Kf7 45. h5 g5 46. fxg5 fxg5 47. Be5 Ne8 48. Bb2 Ng7 49. Bxg7 Kxg7 50. Nf5+ Kh7 51. Kg1 Be8 52. Ng3 Kg7 53. Nf5+ Kf6 54. Nxh6 Bd7 55. Ng8+ Kf7 56. Nh6+ Kg7 0-1

[Event "DSOL 2022"]
[Site "Germany"]
[Date "2022.02.18"]
[Round "2.2"]
[White "Seibt, Manfred"]
[Black "Kaiser, Sebastian"]
[Result "1/2-1/2"]
[ECO "D04"]
[WhiteElo "1961"]
[BlackElo "1943"]
[Annotator "ChessBase"]
[PlyCount "95"]
[EventDate "2022.01.31"]
[EventType "team-tourn"]
[EventCountry "GER"]
[SourceTitle "playchess.com"]
[Source "ChessBase"]
[SourceQuality "1"]
[WhiteTeam "SV TuR Dresden"]
[BlackTeam "SC Großröhrsdorf"]
[WhiteTeamCountry "GER"]
[BlackTeamCountry "GER"]
[TimeControl "2700+15"]

1. d4 d5 2. Nf3 c6 3. e3 Nf6 4. Bd3 Bg4 5. Nbd2 e6 6. O-O Nbd7 7. c3 Be7 8. e4 dxe4 9. Nxe4 Nxe4 10. Bxe4 Nf6 11. Bd3 O-O 12. Be2 Qb6 13. Ne5 Bxe2 14. Qxe2 Rad8 15. Be3 Qa5 16. b4 Qc7 17. a3 Nd5 18. Bd2 Bf6 19. Rae1 Bxe5 20. Qxe5 Qxe5 21. Rxe5 Nb6 22. Re2 Nc4 23. Bc1 Rd5 24. f4 Re8 25. Rfe1 h5 26. h3 h4 27. Kf2 g6 28. Kf3 Kg7 29. Kg4 Rh8 30. Kf3 Kf6 31. Ke4 Ra8 32. Kd3 b5 33. Ra2 Nb6 34. Be3 Rh5 35. Bf2 Kg7 36. Re5 Rxe5 37. fxe5 g5 38. Be3 Kg6 39. Rf2 Nd5 40. Bd2 a5 41. c4 bxc4+ 42. Kxc4 axb4 43. axb4 Ra2 44. Kb3 Ra1 45. Kb2 Rd1 46. Kc2 Ra1 47. Kb2 Rd1 48. Kc2 1/2-1/2

[Event "DSOL 2022"]
[Site "Germany"]
[Date "2022.02.18"]
[Round "2.2"]
[White "Ankerst, Milka"]
[Black "Beyerlein, Andreas"]
[Result "1-0"]
[ECO "B45"]
[WhiteElo "1931"]
[BlackElo "2169"]
[Annotator "ChessBase"]
[PlyCount "85"]
[EventDate "2022.01.31"]
[EventType "team-tourn"]
[EventCountry "GER"]
[SourceTitle "playchess.com"]
[Source "ChessBase"]
[SourceQuality "1"]
[WhiteTeam "Bayern München II Amazonen"]
[BlackTeam "SC Roter Turm Altstadt"]
[WhiteTeamCountry "SLO"]
[BlackTeamCountry "GER"]
[TimeControl "2700+15"]

1. e4 c5 2. Nf3 Nc6 3. d4 cxd4 4. Nxd4 e6 5. Be2 Nf6 6. Nxc6 bxc6 7. Nc3 Bb4 8. Bd3 O-O 9. O-O Qa5 10. Ne2 d5 11. Ng3 Ba6 12. c3 Bxd3 13. Qxd3 Be7 14. Bd2 Qb6 15. b3 Rfd8 16. e5 Nd7 17. Rae1 a5 18. Kh1 a4 19. b4 c5 20. a3 cxb4 21. cxb4 Rac8 22. f4 g6 23. Ne2 Rc4 24. Be3 Qc7 25. Bd4 Rc8 26. h3 Nb8 27. Rc1 Qb7 28. Kh2 R8c6 29. Rxc4 Rxc4 30. Nc3 Qd7 31. Nd1 Nc6 32. Be3 Bxb4 33. axb4 Nxb4 34. Qa3 Nc2 35. Qa2 a3 36. Rf2 Qa4 37. Bc1 Ne1 38. Qxa3 Qxd1 39. Qa8+ Kg7 40. Ba3 h6 41. Qf8+ Kh7 42. Qxf7+ Kh8 43. Be7 1-0

[Event "DSOL 2022"]
[Site "Germany"]
[Date "2022.02.18"]
[Round "2.2"]
[White "Bluebaum, Matthias"]
[Black "Wilde, Pierre"]
[Result "1-0"]
[ECO "D00"]
[WhiteElo "1850"]
[BlackElo "2273"]
[Annotator "ChessBase"]
[PlyCount "45"]
[EventDate "2022.01.31"]
[EventType "team-tourn"]
[EventCountry "GER"]
[SourceTitle "playchess.com"]
[Source "ChessBase"]
[SourceQuality "1"]
[WhiteTeam "SF Deizisau I"]
[BlackTeam "SK Münster"]
[BlackTeamCountry "GER"]
[TimeControl "2700+15"]

1. d4 e6 2. Nc3 d5 3. Bf4 Bd6 4. Qd2 Nf6 5. e3 a6 6. Bd3 c5 7. Bxd6 Qxd6 8. dxc5 Qxc5 9. Nf3 Nc6 10. e4 dxe4 11. Nxe4 Nxe4 12. Bxe4 O-O 13. O-O-O Rb8 14. Qf4 e5 15. Qh4 h6 16. g4 Be6 17. g5 Nb4 18. gxh6 Nxa2+ 19. Kb1 Qb4 20. Rd3 Rfc8 21. hxg7 Kxg7 22. Rg1+ Kf8 23. Ng5 1-0

[Event "DSOL 2022"]
[Site "Germany"]
[Date "2022.02.18"]
[Round "2.2"]
[White "Faldum, Manfred"]
[Black "Dette, Jan"]
[Result "1-0"]
[ECO "A07"]
[WhiteElo "1513"]
[BlackElo "2067"]
[Annotator "ChessBase"]
[PlyCount "89"]
[EventDate "2022.01.31"]
[EventType "team-tourn"]
[EventCountry "GER"]
[SourceTitle "playchess.com"]
[Source "ChessBase"]
[SourceQuality "1"]
[WhiteTeam "SF Heidesheim I"]
[BlackTeam "SF Essen-Katernberg"]
[BlackTeamCountry "GER"]
[TimeControl "2700+15"]

1. Nf3 Nf6 2. g3 e6 3. Bg2 d5 4. O-O Bd6 5. d3 h6 6. Re1 O-O 7. e4 dxe4 8. dxe4 e5 9. Nbd2 Be6 10. Qe2 Nc6 11. Nc4 Qe7 12. c3 a5 13. a4 Nd7 14. Ne3 Nb6 15. Nh4 g6 16. Nd5 Bxd5 17. exd5 Nb8 18. Bxh6 Re8 19. Qg4 Kh7 20. Nf5 Qf6 21. Bg5 Qxf5 22. Qh4+ Kg8 23. Be4 Qxg5 24. Qxg5 N8d7 25. h4 Be7 26. Qd2 Nc5 27. Bc2 Rad8 28. b4 Rxd5 29. Qe2 axb4 30. cxb4 Ne6 31. a5 Nd4 32. Qd1 Bxb4 33. axb6 Bxe1 34. Be4 Rb5 35. Qxe1 Rxb6 36. Rd1 Rb2 37. Qa5 b6 38. Qd5 c6 39. Qd7 Ra8 40. Bxc6 Raa2 41. Bd5 Ne2+ 42. Kf1 Nxg3+ 43. fxg3 Rf2+ 44. Kg1 Rab2 45. Rf1 1-0

[Event "DSOL 2022"]
[Site "Germany"]
[Date "2022.02.18"]
[Round "2.3"]
[White "Liedtke, Matthias"]
[Black "Gerland, Felix"]
[Result "1/2-1/2"]
[ECO "B22"]
[WhiteElo "2238"]
[BlackElo "2169"]
[Annotator "ChessBase"]
[PlyCount "42"]
[EventDate "2022.01.31"]
[EventType "team-tourn"]
[EventCountry "GER"]
[SourceTitle "playchess.com"]
[Source "ChessBase"]
[SourceQuality "1"]
[WhiteTeam "SG Leipzig"]
[BlackTeam "SK Rinteln I"]
[WhiteTeamCountry "GER"]
[BlackTeamCountry "GER"]
[TimeControl "2700+15"]

1. e4 c5 2. c3 d5 3. exd5 Qxd5 4. d4 Nc6 5. Nf3 Bg4 6. Be2 cxd4 7. cxd4 e6 8. O-O Nf6 9. h3 Bxf3 10. Bxf3 Qd7 11. Be3 Be7 12. Nc3 Rd8 13. Qb3 O-O 14. Rfd1 Na5 15. Qc2 Nc4 16. Qe2 Nb6 17. d5 Nbxd5 18. Nxd5 Nxd5 19. Bxa7 Bf6 20. Bxd5 exd5 21. Bd4 Rfe8 1/2-1/2

[Event "DSOL 2022"]
[Site "Germany"]
[Date "2022.02.18"]
[Round "2.3"]
[White "Schubert, Ralf"]
[Black "Medvedovski, Michael"]
[Result "0-1"]
[ECO "D01"]
[WhiteElo "2109"]
[BlackElo "2058"]
[Annotator "ChessBase"]
[PlyCount "102"]
[EventDate "2022.01.31"]
[EventType "team-tourn"]
[EventCountry "GER"]
[SourceTitle "playchess.com"]
[Source "ChessBase"]
[SourceQuality "1"]
[WhiteTeam "SK Dessau I"]
[BlackTeam "Germany"]
[WhiteTeamCountry "GER"]
[BlackTeamCountry "GER"]
[TimeControl "2700+15"]

1. d4 d5 2. Nc3 Nf6 3. Bg5 Nbd7 4. Qd2 h6 5. Bh4 e6 6. O-O-O c5 7. Nf3 Be7 8. e3 a6 9. g4 Nxg4 10. Bxe7 Qxe7 11. Rg1 f5 12. h3 Ngf6 13. dxc5 Nxc5 14. Ne5 Rg8 15. f3 Qc7 16. Qd4 Qe7 17. Be2 Ncd7 18. e4 dxe4 19. fxe4 Qc5 20. Nxd7 Qxd4 21. Rxd4 Bxd7 22. e5 Nd5 23. Bh5+ Ke7 24. Nxd5+ exd5 25. Rxd5 g5 26. Rd6 Be6 27. Rb6 Rab8 28. Rd1 g4 29. Rdd6 Bd7 30. hxg4 fxg4 31. Rxh6 Bc6 32. Rb3 g3 33. Rh7+ Ke6 34. Bf7+ Kxe5 35. Bxg8 Rxg8 36. Rh3 g2 37. Rbg3 Rxg3 38. Rxg3 Kf4 39. Rg7 Bf3 40. Rxg2 Bxg2 41. Kd2 Ke4 42. Kc3 Kd5 43. Kb4 Be4 44. c3 Bb1 45. a4 Bd3 46. b3 Be2 47. Ka3 Ke4 48. Kb2 Kd3 49. b4 Kc4 50. Kc2 Bd3+ 51. Kd2 Bf5 0-1

[Event "DSOL 2022"]
[Site "Germany"]
[Date "2022.02.18"]
[Round "2.3"]
[White "Noack, Mario"]
[Black "Luger, Jens"]
[Result "1/2-1/2"]
[ECO "A26"]
[WhiteElo "1938"]
[BlackElo "1943"]
[Annotator "ChessBase"]
[PlyCount "81"]
[EventDate "2022.01.31"]
[EventType "team-tourn"]
[EventCountry "GER"]
[SourceTitle "playchess.com"]
[Source "ChessBase"]
[SourceQuality "1"]
[WhiteTeam "SC Großröhrsdorf"]
[BlackTeam "SV TuR Dresden"]
[WhiteTeamCountry "GER"]
[BlackTeamCountry "GER"]
[TimeControl "2700+15"]

1. c4 d6 2. g3 g6 3. Bg2 Nc6 4. Nc3 Bg7 5. e4 e5 6. Nge2 Nge7 7. d3 O-O 8. O-O f5 9. f4 Be6 10. Be3 Nd4 11. Bf2 fxe4 12. Nxd4 exd4 13. Nxe4 c6 14. Qd2 Nf5 15. Rfe1 Bc8 16. Re2 h6 17. Rae1 c5 18. Qc2 Ne3 19. Bxe3 dxe3 20. Kh1 Bd4 21. Nc3 Bg4 22. Rxe3 Bxe3 23. Rxe3 Re8 24. Qf2 Rxe3 25. Qxe3 Qe8 26. Qf2 Qe7 27. h3 Be6 28. Qf3 Re8 29. g4 Bf7 30. Kh2 Kg7 31. b3 Qe3 32. Ne4 Qxf3 33. Bxf3 Rd8 34. Nc3 b6 35. Kg3 a6 36. Bc6 Kf6 37. a4 Rb8 38. Kf3 Rd8 39. Bb7 a5 40. Bc6 Rc8 41. Bb7 1/2-1/2

[Event "DSOL 2022"]
[Site "Germany"]
[Date "2022.02.18"]
[Round "2.3"]
[White "Schulz, Bernd"]
[Black "Haase, Wolfgang"]
[Result "1-0"]
[ECO "B22"]
[WhiteElo "1894"]
[BlackElo "1999"]
[Annotator "ChessBase"]
[PlyCount "65"]
[EventDate "2022.01.31"]
[EventType "team-tourn"]
[EventCountry "GER"]
[SourceTitle "playchess.com"]
[Source "ChessBase"]
[SourceQuality "1"]
[WhiteTeam "ASV Grün-Weiß Wismar"]
[BlackTeam "SVG CAISSA Kassel I"]
[WhiteTeamCountry "GER"]
[BlackTeamCountry "GER"]
[TimeControl "2700+15"]

1. e4 c5 2. c3 d5 3. exd5 Qxd5 4. d4 Nf6 5. Nf3 Bg4 6. Be2 e6 7. O-O cxd4 8. Nxd4 Bxe2 9. Qxe2 Nc6 10. Be3 Be7 11. Rd1 Rd8 12. c4 Qa5 13. Nxc6 Rxd1+ 14. Qxd1 bxc6 15. Nc3 O-O 16. Qa4 Qxa4 17. Nxa4 Rd8 18. Bxa7 Ra8 19. Bc5 Rxa4 20. Bxe7 Rxc4 21. a4 Nd5 22. Bd6 Nb6 23. a5 Na8 24. b4 Rd4 25. Bc5 Rd5 26. a6 f6 27. a7 Kf7 28. Kf1 Ke8 29. Ra6 Kd7 30. Rb6 Nxb6 31. Bxb6 Rd1+ 32. Ke2 Ra1 33. Ba5 1-0